 Dungeon Crawl Stone Soup version 0.31.0-10-gcf4a605ca0 (webtiles) character file.

Game seed: 4816205924775874440

486 Ruich the Covered (level 6, -5/52 HPs)
             Began as an Armataur Fighter on Jan 26, 2024.
             Killed by divine providence
             ... invoked by an orc priest
              (11 damage)
             ... on level 4 of the Dungeon.
             The game lasted 00:09:48 (2316 turns).

Ruich the Covered (Armataur Fighter)                Turns: 2316, Time: 00:09:49

Health: -5/52      AC:  8    Str: 25    XL:     6   Next: 89%
Magic:  0/0        EV:  6    Int: 11    God:
Gold:   131        SH: 10    Dex: 15    Spells: 5/5 levels left

rFire   . . .        o - +7 whip of Desperation {venom, rPois rC+++ MP-9 Str+4}
rCold   + + +        c - +0 buckler
rNeg    . . .        a - +0 chain mail
rPois   +            (no helmet)
rElec   .            (no cloak)
rCorr   .            (no gloves)
SInv    .            (no barding)
Will    .....        q - amulet of reflection Stlth
                     D - +6 ring of dexterity
HPRegen 0.28/turn    (no ring)
MPRegen 0.07/turn

%: reflection, roll
@: mighty, silenced
A: large, deformed body, tough skin 3, armoured tail, roll 1
a: no special abilities


You were on level 4 of the Dungeon.
You visited 1 branch of the dungeon, and saw 4 of its levels.

You collected 131 gold pieces.


Innate Abilities, Weirdness & Mutations

Armour fits poorly on your strangely shaped body.
You have extremely tough skin. (AC +3)
You have a long armoured tail.
You regenerate magic when rolling toward enemies. (Rampage MPRegen)


   Skills:
 + Level 4.0 Fighting
 * Level 4.4 Maces & Flails
 + Level 5.3 Armour
 + Level 4.8 Shields


You had 5 spell levels left.
You didn't know any spells.
Your spell library contained the following spells:

 Spells                   Type           Power      Damage    Failure   Level
 Call Canine Familiar     Summ           0%         N/A       99%         3
 Sigil of Binding         Hex            0%         N/A       99%         3
 Volatile Blastmotes      Fire/Tloc      0%         2d10      99%         3
 Dimensional Bullseye     Hex/Tloc       0%         N/A       100%        4
 Fulminant Prism          Conj/Alch      0%         3d5       100%        4
 Iskenderun's Mystic Bla  Conj/Tloc      0%         2d3       100%        4

Inventory:

Hand Weapons
 o - the +7 whip of Desperation (weapon) {venom, rPois rC+++ MP-9 Str+4}
   (You found it on level 2 of the Dungeon)

   Str+4:     It affects your strength (+4).
   rC+++:     It renders you almost immune to cold.
   rPois:     It protects you from poison MP-9: It affects your magic capacity
   (-9).
Missiles
 b - 3 poisoned darts (quivered)
Armour
 a - a +0 chain mail (worn)
 c - a +0 buckler (worn)
 m - the +0 robe of the Weaver {rPois Str+3}
   (You found it on level 2 of the Dungeon)

   Str+3:     It affects your strength (+3).
   rPois:     It protects you from poison
Jewellery
 q - an amulet of reflection (around neck)
 D - a +6 ring of dexterity (left hand)
Scrolls
 e - 2 scrolls of enchant weapon {unknown}
 f - a scroll of fog {unknown}
 h - a scroll of teleportation {unknown}
 i - a scroll of summoning {unknown}
 j - a scroll of silence {!r}
 l - a scroll of brand weapon {unknown}
Potions
 g - 2 potions of curing {@q1}
 k - 2 potions of mutation {unknown}
 p - a potion of brilliance {unknown}
 r - a potion of enlightenment {unknown}

Dungeon Overview and Level Annotations

Branches:
Dungeon (4/15)             Temple (0/1) D:4

Altars:
Fedhas
Kikubaaqudgha

Shops:
D:1 :

Portals:
Sewer: D:4

.####.####...#.........#......~~*
............####.###..........≈~*
..#.###....#####(.###..##.....≈~~
..##**#...##*,.....#...#,.....≈~~
,,***,,...***,.##.....##*......,,
,,,,,,,,,.#,,.#*#.....#*#......,,
,***,,*,,....####.....#*..%....,,
,*,*,**,,.......ooKo.o##.......,*
,,,,,,,,,,...###@.##...).#.....,*
,,**,*,,,,,,,,,#...#.†B........,*
****,*,,,,,,,,....##..#...!....,*
,,,,,,,,**,,,......#......~~~..,*
,,,<,,,,,*,,,.<..........~~~~~.,,
,,,,,,,,,,,,.............~~∩~~.,,
,,,,,,,,,**..............~~~~~.,,
,,,,,,,,,*#...............~~~..,,
,,,,,,,,,,,,,,,,,..............,,


You could see an orc priest, an orc wizard, 2 orcs and a kobold.


Message History

The magic dart hits you.
* * * LOW HITPOINT WARNING * * *
The orc barely misses you.
Things that are here:
a rat corpse; a rat corpse Unknown command.
Unknown command.
It was a potion of curing.
You feel better.
You hear the slow rusting of a drain.
You hear some strange, mumbled words.
A puff of flame appears from out of thin air!
The puff of flame hits you!
* * * LOW HITPOINT WARNING * * *
Unknown command.
Unknown command.
Press: ? - help, v - describe, . - travel
Here: an orc priest, wielding a +0 flail The floor.
Unknown command.
As you read the scroll labelled LUWUFU VASS, it crumbles to dust.
A profound silence engulfs you.
It was a scroll of silence.
You block the orc's attack.
Unknown command.
Found a stone staircase leading up.
The orc attacks as it pursues you! The orc barely misses you.
An orc wizard appears from thin air!
Reactivating autopickup.
The orc priest calls down the wrath of Beogh upon you.
Beogh smites you!
You die...

Skill      XL: |  1  2  3  4  5  6 |
---------------+-------------------+-----
Maces & Flails | 2 3 4 |  4.4
Fighting       | 3 4 |  4.0
Armour         | 4 5 |  5.3
Shields        | 4 |  4.8

Action                     |  1- 3 |  4- 6 || total
---------------------------+-------+-------++-------
  Melee: Flail             |    73 |       ||    73
         Tailslap          |     9 |     7 ||    16
         Whip              |    10 |    74 ||    84
    Use: Scroll            |       |     2 ||     2
         Potion            |       |     2 ||     2
 Armour: Scale mail        |    28 |    13 ||    41
         Robe              |    17 |       ||    17
         Chain mail        |       |    36 ||    36
  Dodge: Dodged            |    26 |    13 ||    39
  Block: Buckler           |    20 |    13 ||    33

Levels and vault maps discovered:
D:1:      eino_arrival_cavern_b, layout_basic, hangedman_decor_riveting,
          nicolae_shop_vocational
D:2:      layout_loops_corners, uniq_sigmund, uniq_terence
D:3:      layout_rooms, mainiacjoe_overflow_surrounded_room, solitary_fountain,
          minmay_misc_feat_rows, minivault_24, uniq_natasha
D:4:      layout_cave_pools, fedhas_altar_decomposition,
          mainiacjoe_overflow_alcove_2, mainiacjoe_overflow_24_doors,
          minmay_temple_entry_proselytizer, gammafunk_ghost_gnarly_gnolls,
          portal_sewer_entry_a, reono_crystal_passage

Notes
Turn   | Place    | Note
-------+----------+-------------------------------------------
     0 | D:1      | Ruich the Armataur Fighter began the quest for the Orb.
     0 | D:1      | Reached XP level 1. HP: 18/18 MP: 1/1
     0 | D:1      | Ruich: !lg * AmFi Win
     0 | D:1      | beem: No keyword 'AmFi'
     0 | D:1      | Ruich: !lg * AtFi Win
     0 | D:1      | beem: 259. oaklandishh the Impregnable (L25 AtFi of
                  | Qazlal), escaped with the Orb and 3 runes and 5 gems (0
                  | intact) on 2024-01-22 20:08:52, with 2319051 points after
                  | 57104 turns and 2:44:23.
     0 | D:1      | Ruich: !lg * AtFi Win -2
     0 | D:1      | beem: 258/259. Squidcat the Invulnerable (L27 AtFi of
                  | Nemelex Xobeh), escaped with the Orb and 3 runes on
                  | 2024-01-20 01:45:11, with 1508536 points after 103719 turns
                  | and 9:33:07.
    16 | D:1      | Found Racvuoff's Vocational Training.
    97 | D:1      | Reached skill level 2 in Maces & Flails
   139 | D:1      | Reached XP level 2. HP: 25/25 MP: 2/2
   599 | D:2      | Reached skill level 3 in Fighting
   599 | D:2      | Reached skill level 4 in Armour
   599 | D:2      | Reached XP level 3. HP: 31/31 MP: 3/3
   646 | D:2      | Identified the +0 robe of the Weaver {rPois Str+3}
  1047 | D:2      | Identified the +7 whip of Desperation {venom, rPois rC+++
                  | MP-9 Str+4}
  1104 | D:2      | Reached XP level 4. HP: 38/38 MP: 0/4
  1106 | D:2      | Noticed Sigmund
  1124 | D:2      | Killed Sigmund
  1125 | D:2      | Reached skill level 3 in Maces & Flails
  1125 | D:2      | Reached skill level 4 in Shields
  1125 | D:2      | Reached XP level 5. HP: 18/45 MP: 0/5
  1249 | D:2      | Noticed Terence
  1256 | D:2      | Killed Terence
  1399 | D:2      | Reached XP level 6. HP: 49/51 MP: 0/6
  1743 | D:3      | Noticed Natasha
  1750 | D:3      | Killed Natasha
  1778 | D:3      | Found an ancient bone altar of Kikubaaqudgha.
  1841 | D:3      | Reached skill level 4 in Maces & Flails
  1864 | D:3      | Reached skill level 5 in Armour
  1908 | D:3      | Noticed Natasha
  1911 | D:3      | Killed Natasha
  1925 | D:3      | Noticed Natasha
  1931 | D:3      | Killed Natasha
  2263 | D:4      | Found a blossoming altar of Fedhas.
  2274 | D:4      | Found a glowing drain.
  2307 | D:4      | Reached skill level 4 in Fighting
  2309 | D:4      | HP: 5/52 [something/magic dart (5)]
  2316 | D:4      | Killed from afar by an orc priest

Vanquished Creatures
  Sigmund (D:2)
  2 bombardier beetles (D:3)
  Terence (D:2)
  Natasha (thrice) (D:3)
  An orc wizard (D:4)
  6 adders
  A dart slug (D:1)
  3 ribbon worms
  4 orcs
  8 ball pythons
  7 endoplasms
  2 giant cockroaches
  7 goblins
  10 hobgoblins
  2 jackals (D:1)
  A quokka (D:1)
  6 bats
  A frilled lizard (D:1)
  4 kobolds
  5 rats
75 creatures vanquished.

Vanquished Creatures (others)
  An orc wizard (D:4)
1 creature vanquished.

Grand Total: 76 creatures vanquished

Table legend: (Time is in decaauts)
 A = Elapsed time spent in this place.
 B = Non-inter-level travel time spent in this place.
 C = Inter-level travel time spent in this place.
 D = Time resting spent in this place.
 E = Time spent auto-exploring this place.
 F = Levels seen in this place.
 G = Mean time per level.
                   A        B        C        D        E       F      G
               +--------+--------+--------+--------+--------+-----+--------+
         Total |   2330 |   2268 |     62 |    236 |   1408 |   4 |  582.5 |
       Dungeon |   2330 |   2268 |     62 |    236 |   1408 |   4 |  582.5 |
               +--------+--------+--------+--------+--------+-----+--------+

Top non-repeatable levels by time:
     D:2: 1206 daAuts
     D:1: 556 daAuts
     D:3: 461 daAuts
     D:4: 105 daAuts

Table legend:
 A = Non-vault XP
 B = Vault XP
 C = Vault XP percentage of total XP
 D = Non-vault monster count
 E = Vault monster count
 F = Vault count percentage of total count
                 A         B        C        D         E       F
            +---------+---------+-------+---------+---------+-------
      Total |     384 |     311 |  44.7 |      66 |       9 |  12.0
            +---------+---------+-------+---------+---------+-------
        D:1 |      33 |       0 |   0.0 |      18 |       0 |   0.0
        D:2 |      87 |     264 |  75.2 |      22 |       2 |   8.3
        D:3 |     217 |      35 |  13.9 |      19 |       1 |   5.0
        D:4 |      47 |      12 |  20.3 |       7 |       6 |  46.2
            +---------+---------+-------+---------+---------+-------
